 Dungeon Crawl Stone Soup version 0.18-a0-1147-g8e8348b (webtiles) character file.

422 mrath the Magician (level 6, 0/24 HPs)
             Began as a Felid Venom Mage on Jan 22, 2016.
             Was an Initiate of Vehumet.
             Killed from afar by a white imp (7 damage)
             ... with a puff of frost
             ... on level 5 of the Dungeon on Jan 23, 2016.
             The game lasted 01:06:17 (8017 turns).

mrath the Magician (Felid Venom Mage)               Turns: 8017, Time: 01:06:17

Health: 0/24       AC:  2    Str:  4    XL:     6   Next: 63%
Magic:  13/15      EV: 18    Int: 19    God:    Vehumet [......]
Gold:   195        SH:  0    Dex: 16    Spells: 6 memorised, 6 levels left
                                        Lives:  0   Deaths: 1

rFire  + . .     SeeInvis +     (weapon unavailable)
rCold  . . .     Gourm    .     (armour unavailable)
rNeg   . . .     Faith    .     (shield unavailable)
rPois  .         Spirit   .     (helmet unavailable)
rElec  .         Dismiss  .     (cloak unavailable)
rCorr  .         Reflect  .     (gloves unavailable)
SustAt .         Harm     .     (boots unavailable)
MR     .....                    (no amulet)
Stlth  +++.......               (no ring)
                                e - ring of protection from fire

@: infused, quick, not resistant to hostile enchantments, fairly stealthy
A: no armour, no weapons or thrown items, claws 1, fangs 3, see invisible,
carnivore 3, speed 1, shaggy fur 2, slow metabolism 1, sharp paws
a: Renounce Religion


You were on level 5 of the Dungeon.
You worshipped Vehumet.
Vehumet was noncommittal.
You were completely stuffed.

You visited 2 branches of the dungeon, and saw 6 of its levels.

You collected 195 gold pieces.

Inventory:

Jewellery
 e - a ring of protection from fire (left paw)
 j - an uncursed ring of ice
Scrolls
 f - 4 scrolls of identify
 l - 2 scrolls of noise
 r - a scroll of fear {unknown}
 t - a scroll of teleportation {unknown}
 u - a scroll of remove curse
 v - a scroll of blinking
 w - a scroll of random uselessness {unknown}
Potions
 d - a potion of ambrosia {unknown}
 h - a potion of brilliance {unknown}
 i - 3 potions of curing {unknown}
 m - 4 potions of haste {unknown}
 n - a potion of might {unknown}
 o - a potion of agility {unknown}
 q - a potion of poison {unknown}
Books
 a - a Young Poisoner's Handbook

   Spells                             Type                      Level
   a - Sting                          Conjuration/Poison           1
   b - Cure Poison                    Poison                       2
   c - Mephitic Cloud                 Conjuration/Poison/Air       3
   d - Olgreb's Toxic Radiance        Poison                       4
   e - Venom Bolt                     Conjuration/Poison           5
 p - a book of Battle

   Spells                             Type                      Level
   a - Infusion                       Charms                       1
   b - Shroud of Golubria             Charms/Translocation         2
   c - Song of Slaying                Charms                       2
   d - Spectral Weapon                Hexes/Charms                 3
   e - Regeneration                   Charms/Necromancy            3
 s - a book of Air

   Spells                             Type                      Level
   a - Shock                          Conjuration/Air              1
   b - Swiftness                      Charms/Air                   2
   c - Repel Missiles                 Charms/Air                   2
   d - Static Discharge               Conjuration/Air              3
   e - Lightning Bolt                 Conjuration/Air              5
Comestibles
 b - a meat ration
 c - 2 slices of pizza
 g - a royal jelly
 k - 6 chunks of flesh


   Skills:
 - Level 2.6 Dodging
 - Level 2.6 Stealth
 * Level 5.6 Spellcasting
 + Level 1.9 Conjurations
 + Level 4.8 Poison Magic


You had 6 spell levels left.
You knew the following spells:

 Your Spells              Type           Power        Failure   Level  Hunger
a - Sting                 Conj/Pois      ###.         3%          1    None
b - Cure Poison           Pois           ###.......   2%          2    None
c - Mephitic Cloud        Conj/Pois/Air  ##......     14%         3    ##.....
d - Shroud of Golubria    Chrm/Tloc      #.........   21%         2    None
e - Shock                 Conj/Air       #...         10%         1    None
f - Infusion              Chrm           #...         14%         1    None


Dungeon Overview and Level Annotations

Branches:
Dungeon (5/15)             Temple (1/1) D:5

Altars:
Ashenzari
Cheibriados
Elyvilon
Fedhas
Gozag
Nemelex Xobeh
Okawaru
Pakellas
Ru
Sif Muna
Trog
Vehumet
Xom
Yredelemnul
Zin
The Shining One

Annotations:
D:4 Dowan, Edmund


Innate Abilities, Weirdness & Mutations

You cannot wear armour.
You are incapable of wielding weapons or throwing items.
You have sharp claws.
You have razor-sharp teeth.
You have supernaturally acute eyesight.
You are carnivorous and can eat meat at any time.
You cover ground quickly.
You are covered in thick fur (AC +2).
You have a slow metabolism.
Your sharp claws are effective at attacking unaware monsters.


Message History

You begin infusing your attacks with magical energy.
Your shroud begins to fray at the edges.
The white imp closely misses you.
You closely miss the white imp. The white imp hits you.
The white imp freezes you.
You closely miss the white imp. The white imp gestures at you.
The puff of frost misses you.
You closely miss the white imp. The white imp hits you.
The white imp freezes you.
You scratch the white imp but do no damage.
The white imp gestures at you. The puff of frost hits you!
Ouch! That really hurt!
* * * LOW HITPOINT WARNING * * *
You closely miss the white imp.
Your shroud unravels.
The white imp gestures at you. The puff of frost hits you!
You die...

##.## ##.#### #.# #..........
..## ##.(.# #.# ##########.
##.## ##.##.# #.# #....
###.###.###.# #.# #.### #
##.#.## #.# #.# #.# # ##.## #.#
#.# #.# ## #..# #.# #.# #.# .#
##.# #.## #.# #.# .# #.#
#..###@# #.# .# #.# ##...##5#
#.# .#####.###.....#.# #.#
.................## #.#
........##.....#..# #.#
.#####..........#.# #.# .#
##.####...#.#.###########.#
.####.>..>...##...............#
##.......########.#############


You could see a white imp.

Vanquished Creatures
  An ogre (D:5)
  A scorpion (D:4)
  An orc priest (D:5)
  A gnoll shaman (D:3)
  Natasha (thrice) (D:3)
  A worker ant (D:4)
  5 adders
  4 gnolls (D:4)
  5 giant geckos
  7 orcs
  9 giant cockroaches
  9 goblins
  9 hobgoblins
  6 jackals
  4 kobolds
  9 quokkas
  2 ball pythons
  4 bats
  A giant gecko zombie (D:5)
  4 giant newts
  A goblin zombie (D:5)
  A hobgoblin zombie (D:5)
  An orc zombie (D:5)
  A quokka skeleton (D:5)
  5 rats
95 creatures vanquished.

Notes
Turn   | Place    | Note
--------------------------------------------------------------
     0 | D:1      | mrath the Felid Venom Mage began the quest for the Orb.
     0 | D:1      | Reached XP level 1. HP: 7/7 MP: 4/4
   353 | D:1      | Reached XP level 2. HP: 11/11 MP: 4/6
   810 | D:1      | Learned a level 2 spell: Cure Poison
  1279 | D:2      | Reached XP level 3. HP: 5/14 MP: 0/8
  1488 | D:2      | Learned a level 3 spell: Mephitic Cloud
  2165 | D:2      | Found a bloodstained altar of Trog.
  2645 | D:2      | Reached XP level 4. HP: 10/18 MP: 1/10
  3310 | D:3      | Reached skill level 4 in Spellcasting
  3374 | D:3      | Noticed Natasha
  3380 | D:3      | Killed Natasha
  3426 | D:3      | Noticed Natasha
  3435 | D:3      | Slain by Natasha
  3436 | D:3      | Reached XP level 3. HP: -2/14 MP: 7/9
  3450 | D:3      | Killed Natasha
  3450 | D:3      | Reached XP level 4. HP: 18/18 MP: 8/11
  3590 | D:2      | Found a white marble altar of Elyvilon.
  3838 | D:3      | Found a sacrificial altar of Ru.
  3927 | D:3      | Noticed Natasha
  3931 | D:3      | Killed Natasha
  4532 | D:3      | Reached XP level 5. HP: 21/21 MP: 8/13
  5273 | D:4      | Learned a level 2 spell: Shroud of Golubria
  5475 | D:4      | Reached skill level 1 in Conjurations
  5841 | D:4      | Noticed Dowan
  5857 | D:4      | Noticed Edmund
  5947 | D:4      | Reached skill level 5 in Spellcasting
  6341 | D:4      | Gained mutation: You are covered in thick fur (AC +2). [Felid growth]
  6341 | D:4      | Reached XP level 6. HP: 24/24 MP: 11/14
  6423 | D:5      | Entered Level 5 of the Dungeon
  6436 | D:5      | Found a staircase to the Ecumenical Temple.
  6452 | Temple   | Entered the Ecumenical Temple
  6521 | Temple   | Became a worshipper of Vehumet
  6568 | D:5      | Learned a level 1 spell: Shock
  6973 | D:5      | Learned a level 1 spell: Infusion
  7925 | D:5      | Found a glowing golden altar of the Shining One.
  8017 | D:5      | Killed from afar by a white imp

Vault maps used:
D:1:      onia_arrival_larder, serial_curves, eino_curves_03, eino_curves_04
D:2:      lemuel_upstairs_altar, first_bread, trog_three_pillars_becter
D:3:      nicolae_overflow_crystal_walls, uniq_natasha
D:4:      lemuel_coloured_pillars_altar, uniq_duvessa, uniq_edmund
D:5:      minmay_temple_entry_overgrown, nicolae_tso_besieged_by_evil
Temple:   water_room_temple_a_12

Action                   |  1- 3 |  4- 6 || total
-------------------------+-------+-------++-------
Melee: Unarmed           |    17 |    43 ||    60
 Cast: Sting             |    87 |   196 ||   283
       Mephitic Cloud    |       |     3 ||     3
       Shock             |       |    13 ||    13
       Shroud of Golubri |       |     5 ||     5
       Infusion          |       |     2 ||     2
  Use: Scroll            |       |     8 ||     8
 Stab: Sleeping          |     1 |       ||     1
  Eat: Chunk             |    10 |    16 ||    26
